 Dungeon Crawl Stone Soup version 0.28.0-53-g5a82cb258f (webtiles) character file.

Game seed: 17294608066274378812

3693 bnorton916 the Protected (level 9, -2/45 HPs)
             Began as a Deep Elf Fire Elementalist on June 11, 2022.
             Was an Initiate of Gozag.
             Slain by a hornet (7 damage)
             ... on level 8 of the Dungeon.
             The game lasted 00:12:43 (14661 turns).

bnorton916 the Protected (DEFE)                    Turns: 14661, Time: 00:12:43

Health: -2/45      AC: 10    Str:  5    XL:     9   Next: 90%
Magic:  12/18      EV: 26    Int: 23    God:    Gozag
Gold:   881        SH:  0    Dex: 13    Spells: 7/17 levels left

rFire   + . .      SeeInvis .   C - +5 dagger (freeze)
rCold   . . .      Faith    .   (no shield)
rNeg    + + .      Spirit   .   t - +5 leather armour of the Barracuda {+Inv rF+ rN+ Dex-4}
rPois   .          Reflect  .   K - +0 helmet
rElec   .          Harm     .   (no cloak)
rCorr   .          Rampage  .   (no gloves)
Will    .....                   (no boots)
Stlth   ++........              f - amulet of the acrobat
HPRegen 0.15/turn               b - ring of positive energy
MPRegen 0.16/turn               y - ring of wizardry

@: lethally poisoned (-2 -> -14), acrobatic, slowed, studying Armour, very slow
A: no striking features
a: Renounce Religion, Evoke Invisibility, Potion Petition, Call Merchant, Bribe
Branch


You were on level 8 of the Dungeon.
You worshipped Gozag.
Gozag was pleased with you.
You visited 2 branches of the dungeon, and saw 9 of its levels.

You collected 975 gold pieces.
You paid 94 gold pieces to Gozag.

Inventory:

Hand Weapons
 c - a +3 dagger
 C - a +5 dagger of freezing (weapon)
 D - a +1 long sword of freezing
Missiles
 e - 177 stones
 i - a datura-tipped dart (quivered)
Armour
 a - a +0 robe
 o - a scarf of shadows
 t - the +5 leather armour of the Barracuda (worn) {+Inv rF+ rN+ Dex-4}
   (You found it on level 5 of the Dungeon)

   Dex:       It affects your dexterity (-4).
   rF:        It protects you from fire.
   rN:        It protects you from negative energy.
   +Inv:      It lets you turn invisible.
 K - a +0 helmet (worn)
Magical Staves
 s - a staff of cold
 B - a staff of conjuration
Jewellery
 b - a ring of positive energy (left hand)
 f - an amulet of the acrobat (around neck)
 y - a ring of wizardry (right hand)
Wands
 p - a wand of iceblast (27)
 F - a wand of flame (28)
Scrolls
 d - a scroll of holy word
 g - 3 scrolls of teleportation
 h - 2 scrolls of noise
 j - 2 scrolls of fog
 k - a scroll of amnesia
 l - 2 scrolls of blinking
 m - a scroll of magic mapping
 n - a scroll of torment {unknown}
 r - a scroll of immolation {unknown}
 w - a scroll of silence {unknown}
 G - a scroll of enchant armour {unknown}
 L - a scroll of identify
Potions
 q - a potion of mutation {unknown}
 u - a potion of might
 v - a potion of resistance {unknown}
 x - 2 potions of cancellation {unknown}
 z - a potion of lignification {unknown}
 A - a potion of attraction {unknown}
 E - a potion of flight {unknown}
 H - a potion of magic {unknown}
 I - a potion of ambrosia {unknown}
 J - a potion of degeneration {unknown}


   Skills:
 + Level 9.6 Armour
 - Level 2.4 Dodging
 - Level 2.4 Stealth
 - Level 4.7 Spellcasting
 - Level 9.2 Conjurations
 - Level 8.2 Fire Magic


You had 7 spell levels left.
You knew the following spells:

 Your Spells              Type           Power      Damage    Failure   Level
a - Foxfire               Conj/Fire      100%       2x1d9     1%          1
b - Scorch                Fire           86%        2d9       1%          2
c - Conjure Flame         Conj/Fire      45%        6-21      1%          3
d - Flame Wave            Conj/Fire      45%        2d10      1%          4

Your spell library contained the following spells:

 Spells                   Type           Power      Damage    Failure   Level
 Inner Flame              Hex/Fire       24%        N/A       3%          3
 Animate Skeleton         Necr           10%        N/A       6%          1
 Apportation              Tloc           10%        N/A       6%          1
 Summon Small Mammal      Summ           20%        N/A       6%          1


Dungeon Overview and Level Annotations

Branches:
Dungeon (8/15)             Temple (1/1) D:5
   Lair: D:8-11

Altars:
Ashenzari
Cheibriados
Dithmenos
Elyvilon
Fedhas
Gozag
Hepliaklqana
Kikubaaqudgha
Makhleb
Nemelex Xobeh
Okawaru
Qazlal
Sif Muna
Trog
Uskayaw
Vehumet
Wu Jian
Xom
Yredelemnul
Zin
The Shining One

Shops:
D:5 *(


Message History

The electric eel shoots out a bolt of lightning at you!
The bolt of electricity hits the kobold!
The kobold dies!
The bolt of electricity misses you. The hornet completely misses you.
The hornet completely misses you. The hornet misses you. The hornet misses you.
The hornet is distracted by your dazzling golden aura.
You see here a +0 dagger.
The hornet is no longer distracted by gold.
You see here a +0 dagger.
Casting: Foxfire (safe; 1% risk of failure)
Confirm with . or Enter, or press ? or * to list all spells.
The fire begins to smoulder!
Casting: Conjure Flame (safe; 1% risk of failure)
Confirm with . or Enter, or press ? or * to list all spells.
Flames lash the hornet.
The hornet is lightly wounded.
The hornet's fire resistance burns away.
The hornet stings you.
You are poisoned.
You feel yourself slow down. The hornet closely misses you.
You smother the flame.
You feel very sick. The hornet completely misses you.
The hornet closely misses you.
Casting: Scorch (safe; 1% risk of failure)
Confirm with . or Enter, or press ? or * to list all spells.
Flames lash the hornet.
The hornet is burned terribly!
The hornet is heavily wounded.
You feel yourself speed up.
You feel very sick. The hornet completely misses you. The hornet stings you.
* * * LOW HITPOINT WARNING * * *
You are lethally poisoned!
You feel yourself slow down.
* * * LOW HITPOINT WARNING * * *
You feel very sick. The hornet barely misses you. The hornet stings you!
You die...
Your body crumbles into a pile of gold.

#. ..... #.<.. #. #.#.# # .#
##### #. #...#..# #####.####
#. #......# #........#
..###.##.###.# #......#.#
...........>.# #......#.#
.......#..#### #........#
)..≈≈..##..######.#......###
KK≈$.≈.##.....Ky@...<..[....
..≈..≈≈≈##.######.).)....###
S..$..≈≈ #...# #.##)##..#
≈⌠.≈...≈ ###.# #.##)###.#
⌠≈..≈..≈≈ #.# #.##...# # #.#
#.####.# #.# #.# .# #.# #..
.. #.# ### .##


You could see a hornet (combustible) and a kobold brigand.

Vanquished Creatures
  A hornet (D:7)
  Prince Ribbit (D:7)
  Sigmund (D:3)
  A wyvern (D:6)
  A steam dragon (D:7)
  An orc warrior (D:6)
  2 ice beasts (D:5)
  3 black bears
  5 ogres
  3 centaurs
  A bullfrog (D:7)
  Blork the orc (D:6)
  A gnoll sergeant (D:8)
  3 scorpions (D:5)
  A water moccasin zombie (D:5)
  5 killer bees (D:7)
  5 wights
  A bullfrog zombie (D:5)
  2 hounds
  2 jellies
  2 orc priests (D:7)
  A bullfrog skeleton (D:5)
  5 iguanas
  3 orc wizards
  A hound skeleton (D:5)
  A hound zombie (D:5)
  4 howler monkey zombies
  7 adders
  6 gnolls
  A howler monkey skeleton (D:5)
  2 white imps
  An ufetubus (D:4)
  An adder zombie (D:5)
  An adder skeleton (D:4)
  3 worms
  2 dart slugs
  21 orcs
  9 endoplasms
  5 giant cockroaches
  8 goblins
  13 hobgoblins
  12 jackals
  4 quokkas
  6 ball pythons
  6 bats (D:1)
  3 frilled lizards
  9 kobolds
  4 rats
182 creatures vanquished.

Vanquished Creatures (collateral kills)
  3 foxfires (D:1)
3 creatures vanquished.

Vanquished Creatures (others)
  An orc (D:3)
  A kobold (D:8)
  656 foxfires
  3 fungi (D:3)
  3 plants
664 creatures vanquished.

Grand Total: 849 creatures vanquished

Notes
Turn   | Place    | Note
-------+----------+-------------------------------------------
     0 | D:1      | bnorton916 the Deep Elf Fire Elementalist began the quest
                  | for the Orb.
     0 | D:1      | Reached XP level 1. HP: 10/10 MP: 6/6
   315 | D:1      | Reached XP level 2. HP: 15/15 MP: 2/8
   885 | D:1      | Reached XP level 3. HP: 19/19 MP: 6/10
  2451 | D:2      | Reached XP level 4. HP: 24/24 MP: 10/12
  2671 | D:2      | Learned a level 2 spell: Scorch
  3223 | D:2      | Reached XP level 5. HP: 28/28 MP: 11/14
  3481 | D:2      | Learned a level 3 spell: Conjure Flame
  3486 | D:2      | Learned a level 4 spell: Flame Wave
  4277 | D:3      | Noticed Sigmund
  4354 | D:3      | Killed Sigmund
  4355 | D:3      | Reached skill level 5 in Fire Magic
  4355 | D:3      | Reached XP level 6. HP: 4/32 MP: 5/15
  5030 | D:3      | Found a faded altar of an unknown god.
  5535 | D:4      | Reached skill level 5 in Conjurations
  5668 | D:4      | Reached XP level 7. HP: 36/36 MP: 12/16
  6399 | D:5      | Entered Level 5 of the Dungeon
  6399 | D:5      | Found Wysm's Weapon Shoppe.
  6632 | D:5      | Found Odesm's Mayhem Merchandise.
  6700 | D:5      | Reached XP level 8. HP: 41/41 MP: 6/17
  6784 | D:5      | Found a staircase to the Ecumenical Temple.
  6813 | Temple   | Entered the Ecumenical Temple
  7119 | Temple   | Became a worshipper of Gozag Ym Sagoz the Greedy
  8139 | D:5      | Identified the +5 leather armour of the Barracuda {+Inv rF+
                  | rN+ Dex-4}
  8467 | D:5      | Reached skill level 1 in Armour
  9616 | D:6      | Noticed Blork the orc
  9627 | D:6      | Killed Blork the orc
 10519 | D:6      | Reached XP level 9. HP: 31/45 MP: 0/18
 12027 | D:7      | Reached skill level 5 in Armour
 13990 | D:8      | Noticed Prince Ribbit
 14295 | D:7      | Killed Prince Ribbit
 14661 | D:8      | Slain by a hornet

Illustrated notes

Levels and vault maps discovered:
D:1:      dpeg_arrival_water_fire, layout_basic, chequers_big_river,
          minmay_misc_feat_x
D:2:      layout_basic
D:3:      layout_loops_ring, shapermc_ecumenical_altar_mp_urbaneastern,
          uniq_sigmund
D:4:      layout_cave_pools
D:5:      minmay_octagon_keep, layout_basic, temple_statues, serial_shops,
          nicolae_stop_n_shop_2, minmay_shop_mayhem
D:6:      layout_basic, minmay_manual_mares, uniq_blork_the_orc
D:7:      layout_basic, enter_bailey_8, minivault_24
D:8:      cheibrodos_helix_gallery, layout_loops_corners,
          nicolae_ru_the_path_less_chosen, grunt_lair_entry_orc_guard_hut,
          hellmonk_guarded_unrand_night, uniq_maurice, uniq_prince_ribbit1,
          uniq_psyche
Temple:   regret_index_temple_sigil_plot

Skill      XL: |  1  2  3  4  5  6  7  8  9 |
---------------+----------------------------+-----
Conjurations   | 2 3 4 5 6 8 9 |  9.2
Spellcasting   | 4 |  4.7
Fire Magic     | 4 5 6 7 8 |  8.2
Armour         | 3 9 |  9.6
Dodging        | |  2.4
Stealth        | |  2.4

Action                   |  1- 3 |  4- 6 |  7- 9 || total
-------------------------+-------+-------+-------++-------
Melee: Unarmed           |     6 |     1 |       ||     7
       Dagger            |       |       |    13 ||    13
Throw: Dart              |       |     2 |       ||     2
 Cast: Foxfire           |   104 |   149 |   162 ||   415
       Scorch            |       |    13 |    71 ||    84
       Conjure Flame     |       |     1 |    10 ||    11
       Flame Wave        |       |       |     7 ||     7
  Use: Potion            |     1 |       |     1 ||     2
       Scroll            |       |       |     8 ||     8
Armor: Robe              |     7 |     6 |     2 ||    15
       Leather armour    |       |       |    18 ||    18
Dodge: Dodged            |    26 |    17 |   142 ||   185
